 Dungeon Crawl Stone Soup version 0.27-a0-676-gc1da3516c2 (webtiles) character file.

Game seed: 16795194621340428412

235 Dreamer the Insei (level 6, -9/38 HPs)
             Began as an Octopode Transmuter on Mar 18, 2021.
             Shot with an arrow by a centaur (17 damage)
             ... on level 5 of the Dungeon.
             The game lasted 00:15:07 (5372 turns).

Dreamer the Insei (Octopode Transmuter)             Turns: 5372, Time: 00:15:08

Health: -9/38      AC:  3    Str: 11    XL:     6   Next: 6%
Magic:  9/9        EV: 13    Int: 15    God:
Gold:   158        SH:  0    Dex: 13    Spells: 3/9 levels left

rFire    . . .     SeeInvis .     - Unarmed
rCold    . . .     Faith    .   (no shield)
rNeg     . . .     Spirit   .   i - +2 hat
rPois    .         Reflect  .   (no amulet)
rElec    .         Harm     .   (no ring)
rCorr    .         Rampage  .   (no ring)
Will     .....                  (no ring)
Stlth    ++........             (no ring)
HPRegen  0.12/turn              (no ring)
MPRegen  0.11/turn              (no ring)
                                (no ring)
                                (no ring)

@: no status effects
A: almost no armour, amphibious, 8 rings, camouflage 1, gelatinous body 1,
nimble swimmer 1, tentacles
a: no special abilities


You were on level 5 of the Dungeon.
You visited 1 branch of the dungeon, and saw 5 of its levels.

You collected 158 gold pieces.

Inventory:

Armour
 i - a +2 hat (worn)
Wands
 m - a wand of iceblast (10)
Scrolls
 b - 2 scrolls of vulnerability {unknown}
 c - 2 scrolls of immolation {unknown}
 f - 3 scrolls of teleportation {unknown}
 h - a scroll of blinking {unknown}
 j - 2 scrolls of holy word {unknown}
 k - 2 scrolls of identify {unknown}
 n - a scroll of enchant armour {unknown}
 o - a scroll of amnesia {unknown}
Potions
 a - a potion of cancellation {unknown}
 d - a potion of haste {unknown}
 e - a potion of magic {unknown}
 g - 2 potions of lignification {unknown}
 l - a potion of degeneration {unknown}


   Skills:
 - Level 1.0 Fighting
 - Level 2.0 Dodging
 - Level 6.0 Unarmed Combat
 - Level 2.0 Spellcasting
 + Level 3.2 Transmutations


You had 3 spell levels left.
You knew the following spells:

 Your Spells              Type           Power      Damage    Failure   Level
a - Beastly Appendage     Tmut           22%        N/A       6%          1
b - Apportation           Tloc           2%         N/A       22%         1
c - Spider Form           Tmut/Pois      3%         N/A       34%         3
d - Summon Small Mammal   Summ           4%         N/A       22%         1

Your spell library contained the following spells:

 Spells                   Type           Power      Damage    Failure   Level
 Wereblood                Tmut           11%        N/A       9%          2
 Animate Skeleton         Necr           2%         N/A       22%         1
 Corona                   Hex            1%         N/A       22%         1
 Ice Form                 Ice/Tmut       6%         N/A       75%         4
 Blade Hands              Tmut           5%         N/A       85%         5


Dungeon Overview and Level Annotations

Branches:
Dungeon (5/15)             Temple (0/1) D:5

Altars:
Ru

Shops:
D:5 =

Annotations:
D:3 Grinder
D:4 exclusions: ogre and phantom
D:5 exclusion: ogre


Innate Abilities, Weirdness & Mutations

You cannot wear most types of armour.
You are amphibious.
You can wear up to eight rings at the same time.
Your skin changes colour to match your surroundings (Stealth+).
Your rubbery body absorbs attacks. (AC +1, EV +1)
You are stealthy while swimming. (Stealth+)
You have tentacles for arms and can constrict up to eight enemies at once.


Message History

The iguana is almost dead.
You constrict the iguana.
You kill the iguana!
Your Transmutations skill increases to level 3!
You have reached level 6!
Your experience leads to an increase in your attributes!
Increase (S)trength, (I)ntelligence, or (D)exterity?
You feel stronger.
You start resting.
Your tentacle spike disappears.
Your +2 hat unmelds from your body.
You start resting.
HP restored.
This spell is quite dangerous to cast!
Memorise Spider Form, consuming 3 spell levels and leaving 4?
You start memorising the spell.
You continue memorising. x3
You finish memorising.
Spell assigned to 'c'.
Memorise Summon Small Mammal, consuming 1 spell level and leaving 3?
You start memorising the spell.
You continue memorising.
You finish memorising.
Spell assigned to 'd'.
o - a scroll labelled BYSUZ OKARGH You open the door.
Found 22 sling bullets.
There is an open door here.
Found a staircase to the Ecumenical Temple.
Found 2 curare-tipped darts.
You now have 158 gold pieces (gained 13).
k - 2 scrolls labelled ICLIMNANIS (gained 1)
Found Corekk's Jewellery Shoppe.
There is an entrance to Corekk's Jewellery Shoppe here.
You can access your shopping list by pressing '$'.
A centaur comes into view.
The centaur wields a +0 shortbow.
The centaur shoots an arrow.
The arrow hits you!
The centaur shoots an arrow.
The arrow hits you!
The centaur shoots an arrow.
The arrow barely misses you.
The centaur shoots an arrow.
The arrow hits you!
* * * LOW HITPOINT WARNING * * *
The centaur shoots an arrow.
The arrow hits you!
You die...

....##..>..##.....c..##
.....#........#.......#
.....##...###.....c...#
...#..#.###.....##...#
#####.#.#....##.##...#
.....................#
.......#..........∩..#
.....................#
................@....#
.....................#
##+########+###+####+#


You could see a centaur.

Vanquished Creatures
  An iguana (D:5)
  An orc wizard (D:3)
  6 adders
  3 howler monkey skeletons
  2 oozes
  3 worms
  3 dart slugs
  3 leopard geckos (D:3)
  5 orcs (D:3)
  7 giant cockroaches
  11 goblins
  4 hobgoblins
  A ball python (D:1)
  10 bats
  3 frilled lizards
  A jackal skeleton (D:4)
  9 kobolds
  5 rats
78 creatures vanquished.

Notes
Turn   | Place    | Note
-------+----------+-------------------------------------------
     0 | D:1      | Dreamer the Octopode Transmuter began the quest for the
                  | Orb.
     0 | D:1      | Reached XP level 1. HP: 13/13 MP: 3/3
   207 | D:1      | Reached XP level 2. HP: 18/18 MP: 5/5
   567 | D:1      | Reached skill level 4 in Unarmed Combat
   596 | D:1      | Reached XP level 3. HP: 8/23 MP: 6/6
  1703 | D:2      | Learned a level 1 spell: Apportation
  1842 | D:2      | Reached XP level 4. HP: 26/28 MP: 7/7
  2612 | D:3      | Reached skill level 5 in Unarmed Combat
  3197 | D:3      | Reached XP level 5. HP: 26/33 MP: 8/8
  3596 | D:3      | Noticed Grinder
  3746 | D:3      | Found a sacrificial altar of Ru.
  4113 | D:4      | Reached skill level 6 in Unarmed Combat
  4295 | D:4      | Noticed an ogre
  4835 | D:4      | Noticed a phantom
  5098 | D:5      | Entered Level 5 of the Dungeon
  5135 | D:5      | Noticed an ogre
  5189 | D:5      | Reached XP level 6. HP: 24/38 MP: 9/9
  5308 | D:5      | Learned a level 3 spell: Spider Form
  5310 | D:5      | Learned a level 1 spell: Summon Small Mammal
  5336 | D:5      | Found a staircase to the Ecumenical Temple.
  5355 | D:5      | Found Corekk's Jewellery Shoppe.
  5372 | D:5      | Shot with an arrow by a centaur

Illustrated notes

Levels and vault maps discovered:
D:1:      amcnicky_arrival_underground_garden, layout_basic, minmay_hexomino_f4
D:2:      layout_basic
D:3:      layout_loops_ring, nicolae_ru_sacrificial_ziggurat, uniq_grinder
D:4:      layout_loops_ring
D:5:      layout_gridville, minmay_temple_entry_slanted, serial_shops, shop,
          uniq_edmund

Skill      XL: |  1  2  3  4  5 |
---------------+----------------+-----
Unarmed Combat | 4 5 6 |  6.0
Transmutations | 3 |  3.2
Fighting       | |  1.0
Dodging        | |  2.0
Spellcasting   | |  2.0

Action                   |  1- 3 |  4- 6 || total
-------------------------+-------+-------++-------
Melee: Unarmed           |    76 |   110 ||   186
       Constrict         |    19 |    26 ||    45
       Tentacles         |     6 |    16 ||    22
       Punch             |     1 |     5 ||     6
       Kick              |     1 |     9 ||    10
 Cast: Beastly Appendage |     2 |     9 ||    11
 Stab: Sleeping          |     8 |     5 ||    13
Armor: Skin              |    10 |     6 ||    16
Dodge: Dodged            |    36 |    50 ||    86

Table legend: (Time is in decaauts)
 A = Elapsed time spent in this place.
 B = Non-inter-level travel time spent in this place.
 C = Inter-level travel time spent in this place.
 D = Time resting spent in this place.
 E = Time spent auto-exploring this place.
 F = Levels seen in this place.
 G = Mean time per level.
                   A        B        C        D        E       F      G
               +--------+--------+--------+--------+--------+-----+--------+
         Total |   5354 |   5217 |    137 |    605 |   3839 |   5 | 1070.8 |
       Dungeon |   5354 |   5217 |    137 |    605 |   3839 |   5 | 1070.8 |
               +--------+--------+--------+--------+--------+-----+--------+

Top non-repeatable levels by time:
     D:3: 1498 daAuts
     D:2: 1364 daAuts
     D:1: 1228 daAuts
     D:4: 992 daAuts
     D:5: 272 daAuts
